AoeStats
← {VL} El Gran Capitán

Arena

509833757Analyzed
4v4 RM · 3d ago on Sep 28, 2026· 43m 39s· 8 players
Game mode
Random Map
Map size
Large (8 player)
Population
200
Speed
Normal
Resources
Standard
Victory
Conquest
Starting age
Dark Age
Ending age
Imperial Age
RankedLock teamsTeams togetherTeam positionsShared explorationLock speedFull tech treeHidden civsTurbo modeCheats
Victory
Defeat
🇨🇳 Poles · China
1121
+17
🇹🇼 Teutons · Taiwan
1110
+18
🇹🇼 Shu · Taiwan
1078
+19
🇹🇼 Tupi · Taiwan
1073
+19
🇹🇼 Bulgarians · Taiwan
1187
-20
🇹🇼 Danes · Taiwan
1169
-19
🇲🇽 Khmer · Mexico
1135
-18
🇪🇸 Spanish · Spain
1083
-16
大汉忠臣曹孟德
6:59 Loom
8:59 Feudal Age
10:55 Fletching
14:20 Horse Collar
20:08 Stone Mining
21:12 Town Watch
26:06 Castle Age
24:18 Double-Bit Axe
25:42 Scale Mail Armor
26:21 Crossbowman
27:17 Bodkin Arrow
28:09 Heavy Plow
28:33 Guard Tower
31:41 Thumb Ring
32:00 Ballistics
36:41 Imperial Age
34:48 Wheelbarrow
34:08 Pikeman
35:11 Padded Archer Armor
35:53 Szlachta Privileges
36:23 Bloodlines
36:14 Husbandry
35:36 Light Cavalry
36:36 Bow Saw
37:16 Forging
37:12 Scale Barding Armor
37:52 Conscription
38:12 Masonry
38:19 Cavalier
41:55 Iron Casting
42:07 Hand Cart
42:47 Chain Barding Armor
44:03 Hoardings
42:51 Capped Ram
43:36 Gold Mining
weiweifallen
9:46 Feudal Age
10:18 Loom
11:39 Double-Bit Axe
15:46 Fletching
15:44 Horse Collar
21:40 Castle Age
24:42 Gold Mining
25:53 Guard Tower
27:11 Bow Saw
27:06 Bodkin Arrow
28:28 Wheelbarrow
28:26 Heavy Plow
33:18 Imperial Age
34:12 Padded Archer Armor
35:31 Chemistry
35:35 Hand Cart
35:04 Elite Skirmisher
36:02 Leather Archer Armor
41:52 Pikeman
42:32 Squires
43:05 Ring Archer Armor
Dongyin Empire
10:26 Feudal Age
11:31 Double-Bit Axe
16:04 Castle Age
16:20 Horse Collar
17:17 Bow Saw
17:14 Heavy Plow
17:06 Gold Mining
23:14 Wheelbarrow
23:42 Gold Shaft Mining
23:39 Loom
24:37 Hand Cart
25:23 Fletching
25:34 Padded Archer Armor
28:40 Imperial Age
26:41 Bodkin Arrow
27:50 Crossbowman
28:36 Thumb Ring
29:55 Town Watch
31:32 Two-Man Saw
30:02 Arbalester
31:06 Bracer
31:22 Leather Archer Armor
30:53 Treadmill Crane
32:32 Ballistics
33:38 Ring Archer Armor
34:11 Chemistry
33:13 Stone Mining
37:59 Siege Engineers
38:06 Masonry
37:53 Murder Holes
40:34 Bolt Magazine
40:55 Conscription
41:12 Architecture
OuO
10:03 Feudal Age
10:32 Double-Bit Axe
10:32 Horse Collar
15:20 Wheelbarrow
19:01 Castle Age
16:48 Loom
17:16 Stone Mining
17:44 Gold Mining
18:28 Fletching
18:41 Padded Archer Armor
20:26 Bow Saw
20:40 Heavy Plow
26:16 Bodkin Arrow
32:50 Imperial Age
30:51 Town Watch
32:07 Ballistics
32:09 Hand Cart
32:40 Gold Shaft Mining
33:24 Leather Archer Armor
34:26 Conscription
35:19 Chemistry
35:35 Town Patrol
36:03 Elite Blackwood Archer
39:07 Curare
39:47 Bracer
40:18 Ring Archer Armor
42:45 Caravan
AlverthXIII
7:52 Loom
10:45 Feudal Age
11:47 Feudal Age
18:27 Castle Age
17:54 Double-Bit Axe
17:52 Horse Collar
20:53 Bow Saw
23:39 Fletching
30:09 Town Watch
30:59 Wheelbarrow
30:36 Scale Barding Armor
31:29 Masonry
34:49 Chain Barding Armor
35:39 Bodkin Arrow
36:18 Ballistics
36:53 Heavy Plow
37:24 Hand Cart
39:48 Imperial Age
38:01 Fortified Wall
{VL} El Gran Capitán
11:37 Feudal Age
13:11 Double-Bit Axe
18:28 Castle Age
19:19 Loom
30:36 Husbandry
30:47 Bloodlines
34:00 Wheelbarrow
33:12 Town Watch
33:33 Fletching
33:44 Padded Archer Armor
33:55 Forging
33:53 Scale Barding Armor
36:41 Imperial Age
38:44 Chain Barding Armor
gigan
10:58 Feudal Age
12:10 Double-Bit Axe
14:31 Castle Age
17:10 Bow Saw
20:11 Wheelbarrow
21:10 Fletching
24:24 Hand Cart
23:56 Loom
26:36 Horse Collar
26:49 Gold Mining
26:50 Stone Mining
29:06 Heavy Plow
28:54 Loom
28:54 Town Watch
33:07 Imperial Age
30:37 Bodkin Arrow
30:42 Padded Archer Armor
31:03 Town Patrol
31:50 Scale Mail Armor
32:06 Leather Archer Armor
32:16 Ballistics
32:35 Bloodlines
32:25 Husbandry
33:21 Caravan
34:09 Thumb Ring
33:33 Heavy Mounted Crossbowman
33:34 Cranequins
34:15 Bracer
34:46 Ring Archer Armor
35:38 Elite Skirmisher
37:28 Chemistry
37:06 Ring Archer Armor
39:13 Conscription
howtomakeaturn
3:54 Loom
11:06 Feudal Age
16:15 Fletching
20:33 Castle Age
19:15 Double-Bit Axe
19:36 Horse Collar
23:52 Scale Barding Armor
27:51 Wheelbarrow
27:05 Town Watch
27:43 Bow Saw
27:56 Bodkin Arrow
30:51 Elite Skirmisher
31:53 Padded Archer Armor
33:18 Leather Archer Armor
41:26 Imperial Age
38:53 Pikeman
39:35 Squires
39:36 Scale Mail Armor
39:46 Forging
40:51 Gambesons
41:24 Chain Mail Armor
41:48 Halberdier
43:03 Plate Mail Armor
42:24 Arson
43:16 Iron Casting
Connection lost

Rejoining the realm…

Still unreachable

The connection could not be restored.

Session expired

The server has moved on; the page needs a fresh start.